 Dungeon Crawl Stone Soup version 0.28.0 (webtiles) character file.

Game seed: 15772596345527373324

1986 experimilk the Poker (level 9, -6/51 (57) HPs)
             Began as a Merfolk Venom Mage on Feb 13, 2022.
             Was a Believer of Fedhas.
             Killed from afar by an acid dragon (25 damage)
             ... with a splash of acid
             ... on level 7 of the Dungeon on Feb 14, 2022.
             The game lasted 00:59:44 (17575 turns).

experimilk the Poker (Merfolk Venom Mage)          Turns: 17575, Time: 00:59:45

HP:   -6/51 (57)    AC:  7    Str:  8    XL:     9   Next: 21%
MP:   7/16          EV: 15    Int: 18    God:    Fedhas [**....]
Gold: 153           SH:  5    Dex: 18    Spells: 0/17 levels left

rFire   . . .      SeeInvis .   d - +1 trident (drain)
rCold   + . .      Faith    .   C - +0 buckler
rNeg    . . .      Spirit   .   n - +1 robe "Hiqam" {rC+ Dex+3 Stlth+}
rPois   .          Reflect  .   A - +1 hat
rElec   .          Harm     .   (no cloak)
rCorr   .          Rampage  .   o - +2 pair of gloves
Will    .....                   (no boots)
Stlth   +++.......              (no amulet)
HPRegen 0.17/turn               (no ring)
MPRegen 0.15/turn               (no ring)

@: studying Short Blades, heavily drained
A: (nimble swimmer 2), mertail
a: Renounce Religion, Wall of Briars


You were on level 7 of the Dungeon.
You worshipped Fedhas.
Fedhas was pleased with you.
You visited 2 branches of the dungeon, and saw 9 of its levels.
You also visited: Sewer.

You collected 361 gold pieces.
You spent 208 gold pieces at shops.

Inventory:

Hand Weapons
 b - a +0 short sword
 d - a +1 trident of draining (weapon)
 g - a +0 war axe
 h - a +0 vampiric spear
 x - a +0 trident
Armour
 a - a +0 robe
 n - the +1 robe "Hiqam" (worn) {rC+ Dex+3 Stlth+}
   (You found it on level 2 of the Dungeon)

   Dex:       It affects your dexterity (+3).
   rC:        It protects you from cold.
   Stlth:     It makes you more stealthy.
 o - a +2 pair of gloves (worn)
 A - a +1 hat (worn)
 C - a +0 buckler (worn)
 D - +0 steam dragon scales
Jewellery
 e - a +4 ring of protection
 l - an amulet of faith
 B - a +6 ring of dexterity
 E - a ring of willpower
Wands
 w - a wand of paralysis (3)
 y - a wand of acid (10)
Scrolls
 c - 3 scrolls of immolation
 q - a scroll of fog {unknown}
 s - 3 scrolls of teleportation
Potions
 f - 2 potions of heal wounds
 i - 4 potions of attraction
 j - 3 potions of haste
 k - 4 potions of mutation
 m - 2 potions of lignification
 p - a potion of magic {unknown}
 r - 2 potions of brilliance {unknown}
 t - a potion of cancellation {unknown}
 u - 3 potions of curing
 v - 3 potions of might
 z - a potion of resistance {unknown}


   Skills:
 * Level 7.3 Polearms
 - Level 6.0 Dodging
 - Level 2.1 Stealth
 + Level 1.8 Shields
 + Level 4.9 Spellcasting
 * Level 3.7 Translocations
 - Level 1.3 Transmutations
 * Level 6.9 Poison Magic
 * Level 3.1 Invocations


You couldn't memorise any spells.
You knew the following spells:

 Your Spells              Type           Power      Damage    Failure   Level
a - Sting                 Tmut/Pois      76%        1d6       3%          1
b - Poisonous Vapours     Pois/Air       32%        N/A       6%          2
c - Blink                 Tloc           34%        N/A       6%          2
d - Olgreb's Toxic Radia  Pois           29%        N/A       10%         4
e - Mephitic Cloud        Conj/Pois/Air  12%        N/A       21%         3
f - Manifold Assault      Tloc           17%        N/A       71%         5

Your spell library contained the following spells:

 Spells                   Type           Power      Damage    Failure   Level
 Apportation              Tloc           34%        N/A       3%          1
 Gell's Gravitas          Tloc           17%        N/A       12%         3
 Lesser Beckoning         Tloc           17%        N/A       12%         3
 Teleport Other           Tloc           17%        N/A       12%         3
 Animate Skeleton         Necr           8%         N/A       19%         1
 Freeze                   Ice            16%        1d4       19%         1
 Summon Small Mammal      Summ           16%        N/A       19%         1
 Frozen Ramparts          Ice            8%         1d2       47%         3
 Hailstorm                Conj/Ice       4%         3d4       87%         4
 Dispersal                Tloc           8%         N/A       99%         6


Dungeon Overview and Level Annotations

Branches:
Dungeon (8/15)             Temple (1/1) D:4           Sewer (visited)
   Lair: D:8-11

Altars:
Cheibriados
Dithmenos
Elyvilon
Fedhas
Gozag
Hepliaklqana
Makhleb
Nemelex Xobeh
Okawaru
Qazlal
Sif Muna
Trog
Uskayaw
Vehumet
Wu Jian
Xom
Yredelemnul
The Shining One

Shops:
D:3 *   D:7 ?

Annotations:
D:6 Dowan, Duvessa, Edmund, Menkaure


Innate Abilities, Weirdness & Mutations

((You are very nimble when in or above water. (Stealth+, EV+, Speed+++)))
Your lower body shifts to a powerful aquatic tail in water.


Message History

Poisonous vapours surround the iguana!
The iguana looks even sicker.
Unknown command.
Casting: Poisonous Vapours (safe; 6% risk of failure)
Confirm with . or Enter, or press ? or * to list all spells.
Aiming: Sting (safe; 3% risk of failure)
Press: ? - help, Shift-Dir - straight line, f - acid dragon, p - iguana
Aim: an acid dragon (74% to hit)
The sting hits the acid dragon but does no damage.
The acid dragon is poisoned.
Casting: Sting (safe; 3% risk of failure)
Confirm with . or Enter, or press ? or * to list all spells.
Aiming: Sting (safe; 3% risk of failure)
Press: ? - help, Shift-Dir - straight line, f/p - acid dragon
Aim: an acid dragon (poisoned, 74% to hit)
The sting hits the acid dragon but does no damage.
The acid dragon looks even sicker.
You block the acid dragon's attack.
The acid dragon claws you but does no damage.
Unknown command.
Casting: Sting (safe; 3% risk of failure)
Confirm with . or Enter, or press ? or * to list all spells.
Aiming: Sting (safe; 3% risk of failure)
Press: ? - help, Shift-Dir - straight line, f/p - acid dragon
Aim: an acid dragon (lightly wounded, very poisoned, 74% to hit)
The sting hits the acid dragon but does no damage.
The acid dragon looks even sicker.
The acid dragon is lightly wounded.
The acid dragon barely misses you. The acid dragon completely misses you.
Casting: Sting (safe; 3% risk of failure)
Confirm with . or Enter, or press ? or * to list all spells.
Aiming: Sting (safe; 3% risk of failure)
Press: ? - help, Shift-Dir - straight line, f/p - acid dragon
Aim: an acid dragon (lightly wounded, very poisoned, 74% to hit)
The sting hits the acid dragon but does no damage.
The acid dragon looks as sick as possible!
The acid dragon is lightly wounded.
You feel stable enough to blink again. The acid dragon spits acid at you.
The splash of acid hits you!!
You die...
Fedhas appreciates your contribution to the ecosystem.

#.# #..###.#
#.######....#.#
#.........#.#.#
#########.#.#.#
##### #.#.#.# ....#
#.....# ###.#
#.###.#
#.############.# #.#
#.......<...lD@###.#
##############.....#
#####.### #.....#
#.##### #.# #.# #.#
#.#


You could see an acid dragon (extremely poisoned, catching breath) and an iguana
(very poisoned).

Vanquished Creatures
  Prince Ribbit (D:5)
  A steam dragon (D:5)
  An orc warrior (D:5)
  2 black bears
  An ice beast (D:5)
  A centaur (D:5)
  An ogre (D:5)
  2 kobold brigands (Sewer)
  3 scorpions
  A wight (D:7)
  A bullfrog zombie (D:5)
  6 hounds
  3 orc priests
  2 iguanas (D:5)
  6 orc wizards
  A hound skeleton (D:5)
  10 gnolls
  9 adders
  2 river rats (Sewer)
  4 worms
  A dart slug (D:2)
  11 orcs
  9 ball pythons
  3 bats
  13 endoplasms
  6 giant cockroaches
  11 goblins
  3 hobgoblins (D:4)
  2 quokkas
  6 frilled lizards
  13 kobolds
  9 rats
145 creatures vanquished.

Vanquished Creatures (others)
  20 fungi (D:6)
20 creatures vanquished.

Grand Total: 165 creatures vanquished

Notes
Turn   | Place    | Note
-------+----------+-------------------------------------------
     0 | D:1      | experimilk the Merfolk Venom Mage began the quest for the
                  | Orb.
     0 | D:1      | Reached XP level 1. HP: 13/13 MP: 3/3
   509 | D:1      | Found a faded altar of an unknown god.
   563 | D:1      | Reached XP level 2. HP: 16/19 MP: 0/5
   620 | D:1      | Learned a level 2 spell: Poisonous Vapours
  1982 | D:1      | Reached XP level 3. HP: 24/24 MP: 3/6
  2328 | D:2      | Learned a level 2 spell: Blink
  2486 | D:2      | Reached skill level 1 in Polearms
  3189 | D:2      | Reached XP level 4. HP: 30/30 MP: 7/7
  3319 | D:2      | Found a glowing golden altar of the Shining One.
  3791 | D:2      | Identified the +1 robe "Hiqam" {rC+ Dex+3 Stlth+}
  4143 | D:3      | Found an iron altar of Okawaru.
  5183 | D:3      | Reached skill level 2 in Polearms
  5183 | D:3      | Reached XP level 5. HP: 15/35 MP: 1/9
  5197 | D:3      | Reached skill level 1 in Translocations
  5476 | D:3      | Learned a level 4 spell: Olgreb's Toxic Radiance
  5507 | D:3      | Found a blossoming altar of Fedhas.
  5510 | D:3      | Found a shimmering blue altar of Sif Muna.
  5511 | D:3      | Found a hide-covered altar of Uskayaw.
  5513 | D:3      | Found a shimmering altar of Xom.
  5553 | D:3      | Became a worshipper of Fedhas Madash
  6081 | D:3      | Found Qiruatas's General Store.
  6646 | D:4      | Found a glowing drain.
  6659 | Sewer    | Entered a sewer
  7291 | Sewer    | Reached XP level 6. HP: 41/41 MP: 0/10
  7423 | Sewer    | Reached skill level 5 in Dodging
  7423 | Sewer    | Reached skill level 5 in Poison Magic
  7529 | Sewer    | Reached skill level 3 in Polearms
  7662 | Sewer    | Reached * piety under Fedhas
  8380 | D:4      | Reached XP level 7. HP: 46/46 MP: 6/11
  8434 | D:4      | Learned a level 3 spell: Mephitic Cloud
  8554 | D:4      | Found a white marble altar of Elyvilon.
  8554 | D:4      | Found a glowing golden altar of the Shining One.
  8554 | D:4      | Found a shadowy altar of Dithmenos.
  8558 | D:4      | Found a radiant altar of Vehumet.
  8799 | D:4      | Found a staircase to the Ecumenical Temple.
  8830 | Temple   | Entered the Ecumenical Temple
  9292 | D:5      | Entered Level 5 of the Dungeon
 10899 | D:5      | Noticed a steam dragon
 10954 | D:5      | Reached skill level 4 in Polearms
 11763 | D:5      | Reached XP level 8. HP: 44/52 MP: 0/14
 11837 | D:5      | Reached ** piety under Fedhas
 12186 | D:5      | Reached skill level 5 in Polearms
 13568 | D:6      | Noticed Prince Ribbit
 14097 | D:6      | Reached skill level 6 in Polearms
 14097 | D:6      | Reached skill level 1 in Invocations
 14227 | D:6      | Noticed Duvessa
 14227 | D:6      | Noticed Dowan
 14888 | D:5      | Reached skill level 1 in Shields
 15000 | D:6      | Noticed Menkaure
 15021 | D:5      | Killed Prince Ribbit
 15350 | D:5      | Reached XP level 9. HP: 37/57 MP: 5/16
 15641 | D:5      | Learned a level 5 spell: Manifold Assault
 15688 | D:6      | You fall into a shaft and drop 2 floors!
 15803 | D:7      | Reached skill level 7 in Polearms
 16095 | D:7      | Found Bysizeus's Magic Scroll Shoppe.
 16103 | D:7      | Bought a scroll of teleportation for 48 gold pieces
 16103 | D:7      | Bought a scroll of identify for 32 gold pieces
 16103 | D:7      | Bought a scroll of identify for 32 gold pieces
 16103 | D:7      | Bought a scroll of teleportation for 48 gold pieces
 16103 | D:7      | Bought a scroll of teleportation for 48 gold pieces
 16294 | D:6      | Noticed Edmund
 16499 | D:7      | Noticed a troll
 17575 | D:7      | Killed from afar by an acid dragon

Illustrated notes

Levels and vault maps discovered:
D:1:      dpeg_arrival_rooms_a, layout_basic,
          shapermc_ecumenical_altar_mp_highgroup
D:2:      layout_basic, basic_altar, kennysheep_generic_room_5
D:3:      layout_basic, kennysheep_okawaru_gauntlet, grunt_temple_overflow_open,
          serial_shops, shop
D:4:      layout_cave_pools, chequers_temple_overflow_statue_of_worship,
          minmay_temple_entry_enclosed_plants, gup_sewer_entry_bubbles
D:5:      layout_basic
D:6:      kennysheep_steamy, layout_cave_pools, nzn_random_ring, uniq_edmund,
          uniq_prince_ribbit1, uniq_menkaure, uniq_duvessa
D:7:      layout_loops_ring, serial_shops, nicolae_shop_crystal,
          hellmonk_guarded_unrand_lears
D:8:      layout_basic, kennysheep_little_box, amcnicky_altar_gilded,
          minmay_chambers_of_fives
Temple:   jpeg_temple_island

Skill      XL: |  1  2  3  4  5  6  7  8  9 |
---------------+----------------------------+-----
Dodging        | 3 4 5 6 |  6.0
Polearms       | 1 2 3 4 6 7 |  7.3
Poison Magic   | 4 5 6 |  6.9
Translocations | 1 2 3 |  3.7
Spellcasting   | 3 4 |  4.9
Invocations    | 2 3 |  3.1
Shields        | 1 |  1.8
Stealth        | |  2.1
Transmutations | |  1.3

Action                   |  1- 3 |  4- 6 |  7- 9 || total
-------------------------+-------+-------+-------++-------
Melee: Unarmed           |     5 |       |       ||     5
       Short sword       |     1 |       |       ||     1
       Spear             |    23 |   119 |       ||   142
       Punch             |       |     2 |       ||     2
       Tailslap          |       |    10 |       ||    10
       Trident           |       |       |   119 ||   119
 Cast: Sting             |    41 |    61 |   120 ||   222
       Poisonous Vapours |    29 |    73 |    86 ||   188
       Blink             |       |     2 |     5 ||     7
       Olgreb's Toxic Ra |       |     1 |     1 ||     2
       Mephitic Cloud    |       |       |     1 ||     1
Evoke: Wand              |       |       |     2 ||     2
  Use: Scroll            |     3 |     6 |    10 ||    19
       Potion            |       |     3 |     1 ||     4
 Stab: Sleeping          |       |     3 |     1 ||     4
       Confused          |       |       |     1 ||     1
Armor: Robe              |     5 |    18 |    81 ||   104
Dodge: Dodged            |    23 |    94 |   209 ||   326
Block: Buckler           |       |       |    31 ||    31
